 Dungeon Crawl Stone Soup version 0.20.0-8-g6b59dc7 (webtiles) character file.

1743 miragecloak the Transmogrifier (level 9, 0/69 HPs)
             Began as an Octopode Transmuter on May 31, 2017.
             Was a Believer of Ashenzari.
             Slain by an orc warrior
             ... wielding a +0 scimitar
              (7 damage)
             ... on level 8 of the Dungeon.
             The game lasted 00:10:56 (8142 turns).

miragecloak the Transmogrifier (OpTm)               Turns: 8142, Time: 00:10:57

Health: 0/69       AC:  6    Str:  9    XL:     9   Next: 6%
Magic:  13/15      EV: 11    Int: 16    God:    Ashenzari [**....]
Gold:   542        SH:  0    Dex: 15    Spells: 8/16 levels left

rFire    x . .     SeeInvis .     - Unarmed
rCold    + + +     Gourm    .   (shield currently unavailable)
rNeg     . . .     Faith    .   (helmet currently unavailable)
rPois    +         Spirit   .   (no amulet)
rElec    .         Reflect  .   G - +2 ring of dexterity (curse)
rCorr    .         Harm     .   (no ring)
MR       .....                  (no ring)
Stlth    +.........             (no ring)
Regen    0.3/turn               (no ring)
MPRegen  0.2/turn               (no ring)
                                (no ring)
                                (no ring)

@: ice-form
A: almost no armour, stealthy swim, amphibious, 8 rings, (constrict 8), clumsy
1, robust 1, subdued magic 1
a: End Transformation, Curse Item, Scrying, Renounce Religion


You were on level 8 of the Dungeon.
You worshipped Ashenzari.
Ashenzari was pleased with you.
You were very hungry.
You were a creature of crystalline ice.
You visited 2 branches of the dungeon, and saw 9 of its levels.
You also visited: Ossuary.

You collected 542 gold pieces.

Inventory:

Missiles
 a - 165 arrows
Armour
 t - a cursed +0 hat (melded)
Jewellery
 G - a cursed +2 ring of dexterity (left front paw)
Wands
 y - a wand of confusion (21/48)
Scrolls
 d - a scroll of teleportation
 e - 4 scrolls of identify
 h - a scroll of immolation {unknown}
 i - 3 scrolls of magic mapping {unknown}
 p - a scroll of recharging {unknown}
 v - a scroll of blinking {unknown}
 z - 2 scrolls of enchant armour {unknown}
 C - 2 scrolls of fear {unknown}
 D - a scroll of vulnerability {unknown}
 E - 3 scrolls of remove curse
 F - a scroll of silence {unknown}
 H - a scroll of brand weapon {unknown}
 I - a scroll of amnesia {unknown}
Potions
 k - 3 potions of brilliance {unknown}
 l - 3 potions of berserk rage {unknown}
 m - 5 potions of flight {unknown}
 o - 2 potions of heal wounds {unknown}
 q - a potion of degeneration {unknown}
 r - 2 potions of mutation {unknown}
 s - 2 potions of haste {unknown}
 u - a potion of resistance {unknown}
 w - 2 potions of lignification {unknown}
 x - 2 potions of might {unknown}
 A - 3 potions of cancellation {unknown}
 B - a potion of ambrosia {unknown}
Books
 b - a book of Changes

   Spells                             Type                      Level
   a - Beastly Appendage              Transmutation                1
   b - Sticks to Snakes               Transmutation                2
   c - Spider Form                    Transmutation/Poison         3
   d - Ice Form                       Ice/Transmutation            4
   e - Blade Hands                    Transmutation                5
Comestibles
 c - 2 bread rations
 f - a meat ration
 j - 12 fruits
 n - 4 royal jellies


   Skills:
 - Level 1.0 Fighting
 - Level 2.0(3.7) Dodging
 + Level 4.3 Unarmed Combat
 - Level 4.0 Spellcasting
 - Level 9.1 Transmutations
 - Level 3.0 Ice Magic
 - Level 3.9 Poison Magic


You had 8 spell levels left.
You knew the following spells:

 Your Spells              Type           Power        Failure   Level  Hunger
a - Beastly Appendage     Tmut           ####..       1%          1    None
b - Spider Form           Tmut/Pois      ###.......   2%          3    ###....
c - Ice Form              Ice/Tmut       ###.....     12%         4    ####...


Dungeon Overview and Level Annotations

Branches:
Dungeon (8/15)             Temple (1/1) D:4
   Lair: D:8-11

Altars:
Ashenzari
Cheibriados
Dithmenos
Elyvilon
Fedhas
Gozag
Hepliaklqana
Kikubaaqudgha
Makhleb
Nemelex Xobeh
Okawaru
Ru
Sif Muna
Trog
Uskayaw
Vehumet
Xom
Yredelemnul
Zin

Annotations:
D:4 Grinder
D:5 Feta's ghost, novice FoFi


Innate Abilities, Weirdness & Mutations

You cannot wear most types of armour.
You are very stealthy in the water. (Stealth+)
You are amphibious.
You can wear up to eight rings at the same time.
((You can use your tentacles to constrict eight enemies at once.))
((Your skin changes colour to match your surroundings (Stealth+).))
((Your rubbery body absorbs attacks. (AC +1, EV +1)))
((One of your tentacles bears a spike.))
You are clumsy. (Dex -2)
You are robust. (+10% HP)
Your spells are a little easier to cast, but a little less powerful.


Message History

The orc barely misses you.
The orc warrior hits you with a scimitar!
You are too injured to fight recklessly!
You are too injured to fight recklessly!
You are too injured to fight recklessly!
You are too injured to fight recklessly!
You are too injured to fight recklessly!
You are too injured to fight recklessly!
You hit the orc warrior. You freeze the orc warrior.
The orc warrior is severely wounded.
The orc misses you.
You hit the orc warrior. You freeze the orc warrior.
The orc warrior is almost dead.
The orc warrior hits you with a scimitar!!
* * * LOW HITPOINT WARNING * * *
The orc barely misses you.
You hit the orc warrior. You freeze the orc warrior.
The orc warrior is almost dead.
The orc warrior hits you with a scimitar!
You die...

###..............#...........##.#
+..............#...........##.# ,
,....?...#...........##.#
...>...............'..#
#.........≈.......#### *
#..............####
#..............# #...o†[........#
, ,,#...oY.######### ,#...†..# ,
#........# * , ##........, , , ,
, *#....###.. ,,, , ,, #....
*..., , ..#..# * ....,,,, * .....
..... ,, * , , ,


You could see an orc warrior and an orc.

Vanquished Creatures
  2 sky beasts
  An ogre (D:6)
  3 centaurs
  3 bullfrogs
  3 howler monkeys
  3 crimson imps
  A jelly (D:7)
  An orc priest (D:5)
  5 hounds
  2 iguanas
  Natasha (thrice) (D:2)
  3 worker ants
  4 orc wizards
  A big kobold zombie (Ossuary)
  A hound zombie (D:8)
  8 mummies (Ossuary)
  A howler monkey skeleton (D:5)
  6 adders
  A shadow imp (D:6)
  2 oozes
  An adder skeleton (D:5)
  3 dart slugs
  6 leopard geckos
  15 orcs
  7 bats
  7 giant cockroaches
  A gnoll zombie (Ossuary)
  5 goblins
  9 hobgoblins
  7 jackals
  2 quokkas
  A ball python (D:5)
  3 hobgoblin zombies (Ossuary)
  8 kobolds
  A kobold zombie (Ossuary)
  2 orc zombies (Ossuary)
  A quokka skeleton (D:5)
  4 rats
137 creatures vanquished.

Vanquished Creatures (others)
  An orc (D:6)
1 creature vanquished.

Grand Total: 138 creatures vanquished

Notes
Turn   | Place    | Note
-------+----------+-------------------------------------------
     0 | D:1      | miragecloak the Octopode Transmuter began the quest for the Orb.
     0 | D:1      | Reached XP level 1. HP: 13/13 MP: 3/3
   258 | D:1      | Reached XP level 2. HP: 18/18 MP: 3/5
   333 | D:1      | Reached skill level 3 in Transmutations
   561 | D:1      | Reached XP level 3. HP: 23/23 MP: 3/6
   566 | D:1      | Learned a level 3 spell: Spider Form
   804 | D:2      | Noticed Natasha
   813 | D:2      | Killed Natasha
   813 | D:2      | Reached skill level 1 in Poison Magic
   988 | D:2      | You fall through a shaft for 2 floors!
  1002 | D:4      | Reached XP level 4. HP: 22/28 MP: 5/7
  1246 | D:4      | Found a staircase to the Ecumenical Temple.
  1252 | Temple   | Entered the Ecumenical Temple
  1459 | Temple   | Became a worshipper of Ashenzari the Shackled
  1496 | D:4      | Noticed Grinder
  1591 | D:4      | Reached XP level 5. HP: 8/33 MP: 5/8
  1793 | D:4      | Reached skill level 4 in Transmutations
  2072 | D:4      | Learned a level 4 spell: Ice Form
  2521 | D:5      | Entered Level 5 of the Dungeon
  2662 | D:3      | Reached skill level 1 in Ice Magic
  2871 | D:3      | Reached XP level 6. HP: 25/38 MP: 6/9
  3866 | D:2      | Noticed Natasha
  3878 | D:2      | Killed Natasha
  4172 | D:2      | Reached * piety under Ashenzari
  4334 | D:2      | Noticed Natasha
  4341 | D:2      | Killed Natasha
  4728 | D:5      | Reached XP level 7. HP: 28/43 MP: 7/11
  5379 | D:5      | Noticed Feta's ghost (novice FoFi)
  5574 | D:6      | Found a sand-covered staircase.
  5579 | Ossuary  | Entered an ossuary
  5886 | Ossuary  | Reached skill level 5 in Transmutations
  6419 | D:6      | Reached ** piety under Ashenzari
  6525 | D:6      | Reached skill level 6 in Transmutations
  6545 | D:6      | Found an opulent altar of Gozag.
  6549 | D:6      | Found a shimmering altar of Xom.
  6549 | D:6      | Found a burning altar of Makhleb.
  6549 | D:6      | Found a sparkling altar of Nemelex Xobeh.
  6559 | D:6      | Reached XP level 8. HP: 18/48 MP: 12/14
  6561 | D:6      | Reached skill level 7 in Transmutations
  6846 | D:6      | Found a shadowy altar of Dithmenos.
  6846 | D:6      | Found an iron altar of Okawaru.
  6979 | D:6      | Found an iron altar of Okawaru.
  7150 | D:7      | Reached skill level 8 in Transmutations
  7564 | D:7      | Reached skill level 9 in Transmutations
  7595 | D:7      | Found a basalt altar of Yredelemnul.
  7595 | D:7      | Found a hide-covered altar of Uskayaw.
  8063 | D:8      | Reached XP level 9. HP: 53/53 MP: 10/15
  8092 | D:8      | Gained mutation: Your spells are a little easier to cast, but a little less powerful. [mutagenic meat]
  8093 | D:8      | Gained mutation: You are robust. (+10% HP) [mutagenic meat]
  8094 | D:8      | Gained mutation: One of your tentacles bears a spike. [mutagenic meat]
  8095 | D:8      | Gained mutation: You are clumsy. (Dex -2) [mutagenic meat]
  8142 | D:8      | Slain by an orc warrior

Skill      XL: |  1  2  3  4  5  6  7  8  9 |
---------------+----------------------------+-----
Transmutations | 3 4 6 9 |  9.1
Poison Magic   | 2 3 |  3.9
Ice Magic      | 2 3 |  3.0
Spellcasting   | 3 4 |  4.0
Unarmed Combat | 4 |  4.3
Fighting       | |  1.0
Dodging        | |  2.0

Action                   |  1- 3 |  4- 6 |  7- 9 || total
-------------------------+-------+-------+-------++-------
Melee: Unarmed           |    48 |   124 |   270 ||   442
       Constrict         |    15 |     2 |     1 ||    18
       Tentacles         |    10 |     1 |     1 ||    12
       Kick              |     8 |       |       ||     8
       Punch             |     2 |       |       ||     2
 Cast: Beastly Appendage |    22 |       |       ||    22
       Spider Form       |       |    26 |    21 ||    47
       Ice Form          |       |       |    13 ||    13
Invok: Curse Item        |       |     1 |     1 ||     2
  Use: Potion            |       |     1 |     4 ||     5
       Scroll            |       |       |     4 ||     4
 Stab: Sleeping          |     3 |       |     1 ||     4
  Eat: Chunk             |     1 |     6 |    13 ||    20
       Bread ration      |       |     2 |       ||     2
       Meat ration       |       |       |     1 ||     1
       Fruit             |       |       |     1 ||     1
Armor: Skin              |     1 |    11 |    47 ||    59
Dodge: Dodged            |    22 |    98 |   225 ||   345
